 Dungeon Crawl Stone Soup version 0.31-a0-1352-gc98d92de7d (webtiles) character file.

Game seed: 1882994095104351114

1711 mopl the Ruffian (level 9, -7/62 HPs)
             Began as a Djinni Shapeshifter on Dec 22, 2023.
             Was a Believer of Uskayaw.
             Blown up by an orc warrior (17 damage)
             ... with a mindburst bolt
             ... on level 7 of the Dungeon.
             The game lasted 00:06:30 (4566 turns).

mopl the Ruffian (Djinni Shapeshifter)              Turns: 4566, Time: 00:06:31

Health: -7/62      AC:  0    Str: 17    XL:     9   Next: 24%
Gold:   326        EV: 16    Int: 13    God:    Uskayaw [**....] SH:  0 Dex: 12

rFire   + +          .
                       - Unarmed
rCold   x . .        (shield currently unavailable)
rNeg    . . .        x - melded +0 steam dragon scales
rPois   ∞            (no helmet)
rElec   .            (no cloak)
rCorr   .            (no gloves)
SInv    .            (boots unavailable)
Will    .....        (no amulet)
Stlth   +            r - +4 ring of slaying
HPRegen 0.30/turn    (no ring)
MPRegen 0.00/turn

%: infuse magic (-8 HP)
@: flux-form, flying, glowing
A: glow, contaminating, flying, reduced hp, sickness immunity, fire resistance
2, cold vulnerability 1, float, innate caster, HP casting, extra vitality 1
a: Begin Untransformation, Renounce Religion, Stomp, Line Pass


You were on level 7 of the Dungeon.
You worshipped Uskayaw.
Uskayaw was noncommittal.
You were something dangerously unstable.
You visited 2 branches of the dungeon, and saw 8 of its levels.
You also visited: Sewer.

You collected 326 gold pieces.

Inventory:

Missiles
 p - 5 curare-tipped darts
 t - 27 poisoned darts
 z - 2 boomerangs
Armour
 n - a +0 chain mail
 q - a +0 helmet
 x - +0 steam dragon scales (melded)
Magical Staves
 w - a staff of cold
Jewellery
 r - a +4 ring of slaying (left hand)
 y - a ring of fire
Talismans
 c - a beast talisman
 d - a flux talisman (active)
Wands
 a - a wand of flame (21)
Scrolls
 e - 3 scrolls of butterflies {unknown}
 f - 3 scrolls of identify
 g - a scroll of immolation {unknown}
 h - 2 scrolls of enchant weapon {unknown}
 i - a scroll of poison {unknown}
 j - a scroll of vulnerability {unknown}
 k - 2 scrolls of fog {unknown}
 o - 3 scrolls of teleportation
 s - a scroll of blinking {unknown}
 u - a scroll of fear {unknown}
Potions
 b - a potion of lignification {!q}
 l - 2 potions of degeneration {unknown}
 m - a potion of mutation {!q}
 v - a potion of curing {unknown}


   Skills:
 + Level 5.0 Fighting
 + Level 2.1 Dodging
 * Level 7.7 Unarmed Combat
 + Level 0.0 Invocations
 * Level 6.5 Shapeshifting


You knew the following spells:

 Your Spells              Type           Power      Damage    Failure   Level
a - Apportation           Tloc           0%         N/A       30%         1
b - Scorch                Fire           0%         2d5       43%         2
c - Ozocubu's Armour      Ice            0%         N/A       67%         3
d - Iskenderun's Mystic   Conj/Tloc      0%         2d3       97%         4
Your spell library was empty.

Dungeon Overview and Level Annotations

Branches:
Dungeon (7/15)             Temple (1/1) D:6           Sewer (visited)

Altars:
Ashenzari
Cheibriados
Dithmenos
Elyvilon
Fedhas
Gozag
Hepliaklqana
Makhleb
Nemelex Xobeh
Okawaru
Qazlal
Ru
Trog
Uskayaw
Wu Jian
Xom
Yredelemnul
Zin
The Shining One

Annotations:
D:6 2 transporters, senseless's ghost, novice DsCj


Innate Abilities, Weirdness & Mutations

You are something dangerously unstable.
You glow with magical radiation, making you easy to see and hit.
Foes you strike become dangerously contaminated with magical radiation.
You are flying.
Your maximum health is decreased, since you lack skill for your form.
You are incapable of wielding weapons or throwing items.
You are immune to sickness and miasma.
You are immune to poison.
Your flesh is very heat resistant. (rF++)
You are vulnerable to cold. (rC-)
You float through the air rather than walking.
You learn spells naturally, not from books.
Your magical power is your life essence.
You have superior vitality. (+4 MHP)


Message History

Unknown command.
You fly upwards.
Level annotation: 2 transporters, senseless's ghost, novice DsCj The orc priest invokes the aid of Beogh against you.
Beogh smites you!
The orc priest miscasts a cantrip.
There is a stone staircase leading down here.
The orc warrior barely misses you.
You fly downwards.
There is a stone staircase leading up here.
You hit the orc warrior.
The orc warrior begins to glow.
The orc warrior is moderately wounded.
The orc warrior hits you with a +0 dire flail!!
You can now stomp with the beat.
You completely miss the orc warrior.
The orc warrior is moderately wounded.
You barely miss the orc warrior.
The orc warrior is moderately wounded.
The orc warrior hits you with a +0 dire flail!!
* * * LOW HITPOINT WARNING * * *
You are too injured to fight recklessly!
You are too injured to fight recklessly!
You hit the orc warrior but do no damage.
The orc warrior glows dangerously bright.
The orc warrior is moderately wounded.
The orc warrior closely misses you.
You punch the orc warrior!
The orc warrior shudders as magic cascades through it.
The orc warrior twists and deforms.
The orc warrior is severely wounded.
The orc warrior barely misses you.
You can now pass through a line of other dancers.
You barely miss the orc warrior.
The orc warrior is severely wounded.
The orc warrior zaps a wand.
Your mind is blasted!
* * * LOW HITPOINT WARNING * * *
You closely miss the orc warrior.
The orc warrior is severely wounded.
The orc warrior zaps a wand.
Your mind is blasted!
You die... .######## ......op# #########

You could see an orc warrior (misshapen).

Vanquished Creatures
  2 steam dragons (D:6)
  An ice beast (D:5)
  An ogre (D:6)
  2 centaurs (D:6)
  5 kobold brigands (Sewer)
  3 scorpions
  3 electric eels (D:3)
  A howler monkey (D:6)
  A hound (D:5)
  An orc priest (D:5)
  An iguana (D:4)
  2 scorpion zombies (D:3)
  A sleepcap (D:4)
  Terence (D:3)
  A gnoll (D:1)
  6 adders
  3 river rats
  2 bombardier beetles
  2 ufetubi (D:5)
  7 worms
  5 dart slugs
  17 orcs
  2 bats
  12 endoplasms
  5 giant cockroaches
  5 goblins
  5 hobgoblins
  6 jackals (D:4)
  6 quokkas
  9 ball pythons
  A frilled lizard (D:2)
  A giant cockroach zombie (D:3)
  A jackal zombie (D:3)
  9 kobolds
  9 rats
139 creatures vanquished.

Notes
Turn   | Place    | Note
-------+----------+-------------------------------------------
     0 | D:1      | mopl the Djinni Shapeshifter began the quest for the Orb.
     0 | D:1      | Reached XP level 1. HP: 17/17 MP: 0/0
   193 | D:1      | Reached XP level 2. HP: 6/22 MP: 0/0
   272 | D:1      | Reached skill level 3 in Shapeshifting
   341 | D:1      | Reached XP level 3. HP: 24/27 MP: 0/0
   341 | D:1      | Learned a level 1 spell: Apportation
   710 | D:1      | Found a faded altar of an unknown god.
   965 | D:2      | Reached XP level 4. HP: 31/33 MP: 0/0
  1180 | D:3      | Found a transporter.
  1183 | D:3      | Found a transporter.
  1211 | D:3      | Noticed Terence
  1223 | D:3      | Killed Terence
  1224 | D:3      | Reached skill level 2 in Fighting
  1224 | D:3      | Reached skill level 4 in Unarmed Combat
  1298 | D:3      | Reached XP level 5. HP: 25/38 MP: 0/0
  1298 | D:3      | Learned a level 2 spell: Scorch
  1359 | D:3      | Reached skill level 4 in Shapeshifting
  1359 | D:3      | Reached XP level 6. HP: 4/45 MP: 0/0
  1665 | D:3      | Found a basalt altar of Yredelemnul.
  1848 | D:4      | Reached skill level 5 in Unarmed Combat
  2310 | D:4      | Reached XP level 7. HP: 49/49 MP: 0/0
  2310 | D:4      | Learned a level 3 spell: Ozocubu's Armour
  2643 | D:5      | Entered Level 5 of the Dungeon
  2658 | D:5      | Reached skill level 3 in Fighting
  2772 | D:5      | Found a glowing drain.
  2781 | Sewer    | Entered a sewer
  3008 | Sewer    | Reached skill level 5 in Shapeshifting
  3080 | Sewer    | Reached skill level 6 in Unarmed Combat
  3080 | Sewer    | Reached XP level 8. HP: 53/57 MP: 0/0
  3383 | D:5      | Reached skill level 4 in Fighting
  4031 | D:6      | Reached skill level 7 in Unarmed Combat
  4219 | D:6      | Reached skill level 6 in Shapeshifting
  4226 | D:6      | Found a transporter.
  4238 | D:6      | Found a transporter.
  4245 | D:6      | Reached XP level 9. HP: 57/63 MP: 0/0
  4245 | D:6      | Learned a level 4 spell: Iskenderun's Mystic Blast
  4252 | D:6      | Noticed senseless's ghost (novice DsCj)
  4357 | D:6      | Found a staircase to the Ecumenical Temple.
  4370 | D:6      | Reached skill level 5 in Fighting
  4396 | Temple   | Entered the Ecumenical Temple
  4404 | Temple   | Became a worshipper of Uskayaw the Reveller
  4560 | D:7      | Reached * piety under Uskayaw
  4564 | D:7      | Reached ** piety under Uskayaw
  4566 | D:7      | Blown up by an orc warrior

Illustrated notes

Levels and vault maps discovered:
D:1:      minmay_arrival_doors, layout_rooms,
          dilly_ecumenical_altar_fadedgnrine, chequers_big_river
D:2:      layout_rooms, basic_altar
D:3:      gammafunk_steamed_eel, layout_rooms, nicolae_yredelemnul_corpse_copse,
          small_statue_intersection, uniq_terence
D:4:      layout_layer_cave
D:5:      layout_gridville, portal_sewer_entry_b
D:6:      layout_basic, minmay_temple_entry_waves, gammafunk_ghost_stat_death,
          serial_glass, glass_columns_a, glass_columns_c
D:7:      layout_basic, gammafunk_ghost_smash, uniq_maggie
Temple:   nicolae_temple_bog_church

Skill      XL: |  1  2  3  4  5  6  7  8  9 |
---------------+----------------------------+-----
Shapeshifting  | 3 4 5 6 |  6.5
Fighting       | 2 3 4 5 |  5.0
Unarmed Combat | 4 5 6 7 |  7.7
Dodging        | |  2.1

Action                     |  1- 3 |  4- 6 |  7- 9 || total
---------------------------+-------+-------+-------++-------
  Melee: Unarmed           |   100 |   126 |   190 ||   416
         Punch             |     3 |     5 |     7 ||    15
  Evoke: Wand              |       |     4 |       ||     4
    Use: Scroll            |       |     4 |       ||     4
 Armour: Animal skin       |    45 |    11 |       ||    56
         Chain mail        |       |    62 |    89 ||   151
         Skin              |       |     2 |     3 ||     5
         Steam dragon scal |       |       |    27 ||    27
  Dodge: Dodged            |    48 |    55 |    60 ||   163
   Form: Flux              |       |     1 |     2 ||     3
         Beast             |       |     1 |     1 ||     2

Table legend: (Time is in decaauts)
 A = Elapsed time spent in this place.
 B = Non-inter-level travel time spent in this place.
 C = Inter-level travel time spent in this place.
 D = Time resting spent in this place.
 E = Time spent auto-exploring this place.
 F = Levels seen in this place.
 G = Mean time per level.
                   A        B        C        D        E       F      G
               +--------+--------+--------+--------+--------+-----+--------+
         Total |   4529 |   4451 |     78 |    550 |   2759 |   9 |  503.2 |
       Dungeon |   4001 |   3931 |     70 |    550 |   2418 |   7 |  571.6 |
        Temple |     16 |      8 |      8 |      0 |      0 |   1 |   16.0 |
         Sewer |    511 |    511 |      0 |      0 |    341 |   1 |  511.0 |
               +--------+--------+--------+--------+--------+-----+--------+

Top non-repeatable levels by time:
     D:4: 831 daAuts
     D:5: 763 daAuts
     D:1: 736 daAuts
     D:3: 724 daAuts
   Sewer: 511 daAuts
     D:6: 509 daAuts
     D:2: 333 daAuts
     D:7: 102 daAuts
  Temple: 16 daAuts
